AoeStats
← EMPEROR98265292

Arena

508220927Analyzed
4v4 RM · 12d ago on Sep 21, 2026· 46m 34s· 8 players
Game mode
Random Map
Map size
Large (8 player)
Population
200
Speed
Normal
Resources
Standard
Victory
Conquest
Starting age
Dark Age
Ending age
Imperial Age
RankedLock teamsTeams togetherTeam positionsShared explorationLock speedFull tech treeHidden civsTurbo modeCheats
Victory
Defeat
🇮🇳 Romans · India
1559
+17
🇮🇳 Saracens · India
1551
+18
🇮🇳 Wu · India
1524
+19
🇮🇳 Dravidians · India
1478
+20
🇨🇳 Malay · China
1632
-20
🇨🇳 Khmer · China
1604
-19
🇮🇳 Persians · India
1570
-18
🇹🇼 Mongols · Taiwan
1549
-17
vidsag
10:28 Feudal Age
11:57 Loom
15:07 Castle Age
13:41 Double-Bit Axe
14:02 Horse Collar
16:55 Bow Saw
21:23 Wheelbarrow
22:16 Gold Mining
22:36 Heavy Plow
23:55 Hand Cart
24:16 Stone Mining
25:36 Town Watch
29:19 Imperial Age
27:32 Scale Barding Armor
28:09 Gold Shaft Mining
28:12 Stone Shaft Mining
28:17 Gold Shaft Mining
28:43 Chain Barding Armor
29:22 Forging
29:36 Bloodlines
29:27 Husbandry
30:27 Plate Barding Armor
30:36 Fletching
32:25 Chemistry
31:41 Elite War Elephant
32:59 Devotion
34:43 Conscription
39:21 Iron Casting
Geo
5:22 Loom
7:37 Feudal Age
8:08 Double-Bit Axe
9:19 Fletching
13:16 Horse Collar
20:06 Stone Mining
22:31 Castle Age
21:08 Gold Mining
21:56 Wheelbarrow
23:27 Bow Saw
25:16 Hand Cart
25:04 Heavy Plow
32:46 Imperial Age
31:26 Gold Shaft Mining
30:51 Town Watch
31:56 Bodkin Arrow
32:16 Masonry
32:21 Fortified Wall
33:11 Padded Archer Armor
33:33 Ballistics
33:34 Nomads
34:15 Bracer
35:17 Chemistry
34:06 Onager
36:28 Conscription
36:39 Leather Archer Armor
37:20 Drill
37:36 Hoardings
37:19 Siege Engineers
39:04 Elite Mangudai
39:50 Elite Mangudai
40:14 Siege Onager
41:35 Siege Onager
42:34 Murder Holes
43:20 Light Cavalry
44:10 Bloodlines
44:00 Husbandry
44:24 Scale Barding Armor
44:29 Forging
43:58 Hussar
45:54 Chain Barding Armor
_EMA_001
10:18 Feudal Age
13:39 Castle Age
11:46 Double-Bit Axe
11:43 Horse Collar
14:35 Bow Saw
15:04 Wheelbarrow
19:14 Heavy Plow
22:41 Hand Cart
23:13 Gold Mining
28:22 Imperial Age
26:26 Stone Mining
27:12 Gold Shaft Mining
26:54 Bloodlines
26:45 Husbandry
27:33 Scale Barding Armor
28:44 Elite Ballista Elephant
30:13 Crop Rotation
31:07 Chain Barding Armor
30:51 Town Watch
32:16 Conscription
32:42 Stone Shaft Mining
33:47 Double Crossbow
35:23 Chemistry
34:43 Ballistics
34:19 Murder Holes
36:07 Light Cavalry
37:26 Plate Barding Armor
37:01 Forging
36:48 Capped Ram
37:06 Heavy Scorpion
38:04 Fortified Wall
38:13 Heavy Scorpion
40:18 Siege Engineers
39:48 Siege Ram
41:01 Hussar
42:18 Iron Casting
43:39 Fletching
Bo Zhi Shang
11:34 Feudal Age
15:19 Castle Age
13:40 Double-Bit Axe
14:18 Horse Collar
14:32 Gold Mining
18:28 Wheelbarrow
18:27 Forging
28:56 Bow Saw
29:39 Heavy Plow
34:19 Imperial Age
32:30 Coinage
32:25 Fletching
33:08 Bodkin Arrow
33:13 Padded Archer Armor
33:23 Elite Skirmisher
34:48 Leather Archer Armor
34:55 Ballistics
35:12 Hand Cart
36:08 Thumb Ring
37:12 Chemistry
36:06 Crossbowman
37:04 Bracer
37:35 Ring Archer Armor
37:01 Arbalester
38:55 Loom
40:54 Conscription
41:07 Banking
43:11 Gold Shaft Mining
42:27 Stone Mining
EMPEROR98265292
10:33 Feudal Age
11:25 Feudal Age
15:48 Castle Age
13:35 Double-Bit Axe
13:45 Horse Collar
14:59 Loom
17:46 Bow Saw
22:08 Wheelbarrow
24:28 Loom
24:29 Town Watch
25:19 Gold Mining
29:34 Imperial Age
27:05 Fletching
27:58 Bodkin Arrow
28:04 Padded Archer Armor
28:57 Gold Shaft Mining
28:13 Stone Mining
30:20 Leather Archer Armor
30:15 Red Cliffs Tactics
32:08 Two-Man Saw
31:12 Bracer
32:14 Chemistry
33:44 Elite Fire Archer
34:53 Ballistics
42:00 Scale Mail Armor
42:11 Forging
42:55 Stone Shaft Mining
42:39 Squires
42:12 Pikeman
42:37 Arson
43:09 Chain Mail Armor
42:53 Halberdier
44:09 Iron Casting
44:27 Plate Mail Armor
AP
10:57 Feudal Age
10:09 Loom
14:37 Castle Age
12:24 Double-Bit Axe
12:22 Horse Collar
15:12 Wheelbarrow
21:05 Bow Saw
22:22 Gold Mining
24:06 Heavy Plow
26:36 Fletching
33:30 Imperial Age
31:18 Hand Cart
32:06 Pikeman
32:47 Squires
32:49 Scale Mail Armor
32:59 Forging
34:06 Halberdier
35:02 Chain Mail Armor
35:23 Iron Casting
34:45 Arson
34:22 Man-at-Arms
34:47 Gambesons
36:28 Plate Mail Armor
36:15 Long Swordsman
38:11 Blast Furnace
37:46 Wootz Steel
37:47 Conscription
39:42 Two-Handed Swordsman
42:07 Hoardings
42:14 Champion
44:02 Bodkin Arrow
Sanskari Ladka
10:09 Feudal Age
14:04 Castle Age
13:02 Double-Bit Axe
12:58 Horse Collar
14:36 Wheelbarrow
16:31 Bow Saw
19:53 Heavy Plow
24:34 Loom
28:37 Imperial Age
26:24 Stone Mining
26:59 Gold Mining
27:21 Scale Barding Armor
27:26 Forging
28:54 Chain Barding Armor
28:47 Bloodlines
28:37 Husbandry
30:03 Iron Casting
28:49 Elite Mameluke
29:52 Conscription
32:01 Chemistry
32:34 Plate Barding Armor
33:41 Blast Furnace
ntn88
7:44 Loom
10:24 Feudal Age
15:02 Castle Age
17:18 Horse Collar
18:39 Double-Bit Axe
20:37 Bow Saw
20:39 Heavy Plow
22:15 Wheelbarrow
27:06 Gold Mining
30:54 Imperial Age
29:30 Ballistics
30:57 Capped Ram
31:59 Conscription
32:04 Onager
33:55 Siege Ram
35:46 Heavy Scorpion
37:37 Chemistry
39:11 Masonry
41:02 Ballistas
42:39 Forging
42:30 Scale Mail Armor
43:03 Pikeman
43:44 Squires
44:20 Iron Casting
45:27 Chain Mail Armor
44:35 Halberdier
47:02 Blast Furnace
47:37 Architecture
Connection lost

Rejoining the realm…

Still unreachable

The connection could not be restored.

Session expired

The server has moved on; the page needs a fresh start.